 Dungeon Crawl Stone Soup version 0.29.1-13-g9f3cf754e1 (webtiles) character file.

Game seed: 4589254480313688350

2723 chuck the Cleaver (level 9, -2/79 HPs)
             Began as a Minotaur Fighter on Jan 27, 2023.
             Was a Believer of Okawaru.
             Slain by a wolf (5 damage)
             ... in a bailey on Jan 28, 2023.
             The game lasted 00:13:20 (8264 turns).

chuck the Cleaver (Minotaur Fighter)                Turns: 8264, Time: 00:13:21

Health: -2/79      AC: 11    Str: 23    XL:     9   Next: 40%
Magic:  8/8        EV: 11    Int:  5    God:    Okawaru [**....]
Gold:   380        SH:  5    Dex: 12    Spells: 8/8 levels left

rFire   . . .      SeeInvis .   a - +0 war axe
rCold   . . .      Faith    .   c - +0 buckler
rNeg    + . .      Spirit   .   b - +0 scale mail
rPois   .          Reflect  .   (helmet restricted)
rElec   .          Harm     .   i - +2 cloak
rCorr   +          Rampage  .   (no gloves)
Will    .....                   (no boots)
Stlth   ++........              (no amulet)
HPRegen 0.23/turn               B - ring of resist corrosion
MPRegen 0.11/turn               u - ring of positive energy

@: no status effects
A: horns 2, retaliatory headbutt, thin skeletal structure 1, camouflage 1, weak
1, devolution 1
a: Renounce Religion, Heroism


You were in a bailey.
You worshipped Okawaru.
Okawaru was pleased with you.
You visited 2 branches of the dungeon, and saw 8 of its levels.
You also visited: Sewer and Bailey.

You collected 380 gold pieces.

Inventory:

Hand Weapons
 a - a +0 war axe (weapon)
Missiles
 G - 6 throwing nets (quivered)
Armour
 b - a +0 scale mail (worn)
 c - a +0 buckler (worn)
 i - a +2 cloak (worn)
Jewellery
 j - a ring of wizardry
 u - a ring of positive energy (right hand)
 B - a ring of resist corrosion (left hand)
Wands
 F - a wand of mindburst (16)
 H - a wand of roots (2)
Scrolls
 g - a scroll of teleportation
 k - 2 scrolls of noise {unknown}
 l - a scroll of immolation
 m - a scroll of fear
 p - a scroll of poison
 q - 2 scrolls of brand weapon {unknown}
 s - a scroll of blinking {unknown}
 t - a scroll of magic mapping {unknown}
 y - 4 scrolls of enchant armour {unknown}
 z - a scroll of torment {unknown}
 A - 3 scrolls of identify {unknown}
 C - a scroll of amnesia
 D - 2 scrolls of vulnerability {unknown}
 E - a scroll of silence {unknown}
Potions
 f - 4 potions of heal wounds {unknown}
 h - 2 potions of attraction {unknown}
 n - a potion of magic
 o - 3 potions of lignification
 v - a potion of ambrosia {unknown}
 w - 2 potions of resistance {unknown}
 x - a potion of degeneration {unknown}


   Skills:
 + Level 7.1 Fighting
 + Level 10.1 Axes
 + Level 8.3 Armour
 + Level 4.2 Dodging
 - Level 0.1 Stealth
 + Level 6.0 Shields
 + Level 0.9 Invocations


You had 8 spell levels left.
You didn't know any spells.
Your spell library contained the following spells:

 Spells                   Type           Power      Damage    Failure   Level
 Beastly Appendage        Tmut           0%         N/A       83%         1
 Poisonous Vapours        Pois/Air       0%         N/A       92%         2
 Wereblood                Tmut           0%         N/A       92%         2
 Spider Form              Tmut/Pois      0%         N/A       99%         3
 Corpse Rot               Necr/Pois/Air  0%         N/A       100%        4


Dungeon Overview and Level Annotations

Branches:
Dungeon (7/15)             Temple (1/1) D:5           Sewer (visited)
 Bailey (1/1)

Altars:
Ashenzari
Cheibriados
Hepliaklqana
Makhleb
Nemelex Xobeh
Okawaru
Qazlal
Uskayaw
Wu Jian
Zin


Innate Abilities, Weirdness & Mutations

You have a pair of horns on your head.
You reflexively headbutt those who attack you in melee.
You have a somewhat thin skeletal structure. (Dex +2, Stealth+)
Your skin changes colour to match your surroundings (Stealth+).
You are weak. (Str -2)
You have hidden genetic defects.


Message History

A wolf is nearby!
A wolf is nearby!
A wolf is nearby!
The wolf howls!
Things that are here:
a +0 trident; a +0 chain mail The wolf pauses to sniff the ground.
Okay, then.
Aiming: Fastroot
Press: ? - help, Shift-Dir - straight line The roots erupt in riotous growth!
You hear a howl!
You hear a shout!
You hear a howl!
Aiming: Fastroot
Press: ? - help, Shift-Dir - straight line The roots erupt in riotous growth!
Roots grab the wolf.
The grasping roots constrict the wolf.
You hear a shout!
The wolf struggles to escape constriction.
Aiming: Mindburst
Press: ? - help, Shift-Dir - straight line, f - wolf
Aim: a wolf (moderately wounded, constricted by roots, chance to affect: 64%)
The wolf struggles to resist.
The grasping roots constrict the wolf.
The roots release their grip on the wolf.
The wolf bites you.
* * * LOW HITPOINT WARNING * * *
You are too injured to fight recklessly!
You are too injured to fight recklessly!
You barely miss the wolf.
The wolf is heavily wounded.
The wolf bites you but does no damage. x2
You hit the wolf. Your headbutt misses the wolf.
The wolf is severely wounded.
The wolf completely misses you.
You hit the wolf.
The wolf is severely wounded.
The wolf bites you.
* * * LOW HITPOINT WARNING * * *
The wolf bites you.
You die...

♣≈......'...8.))'...'.
♣≈......#..)..))#...'.
♣≈.h##'###.....######.
♣≈..#...)##...## #.
♣≈..#.)÷.)#####.. #.
♣≈.)#...).)...... #.
♣≈.)##....)...... #.
♣≈..h##.8.......8 #.
♣≈≈.h@###########
♣♣≈≈≈≈≈≈≈≈≈≈≈
♣♣♣♣♣♣♣♣♣♣♣♣


You could see 2 wolves.

Vanquished Creatures
  The ghost of SirLogeyBear the Cleaver, a novice HOBe of Trog (D:6)
  An orc warrior (D:6)
  An ice beast (D:5)
  2 ogres
  A centaur (D:5)
  5 wolves (Bailey)
  A phantom (D:5)
  A necrophage (D:4)
  3 gnoll sergeants (Bailey)
  2 scorpions
  3 wights (D:5)
  2 jellies
  5 gnoll boudas (Bailey)
  An orc priest (D:5)
  3 hounds
  3 iguanas
  An orc wizard (D:5)
  A hell rat (Sewer)
  12 adders
  13 gnolls (Bailey)
  2 river rats (Sewer)
  3 worms
  2 dart slugs (D:1)
  24 orcs
  4 ball pythons
  5 endoplasms
  19 giant cockroaches
  5 goblins
  4 hobgoblins (D:1)
  5 kobolds
  7 quokkas
  2 bats (D:2)
  2 frilled lizards (D:2)
  11 rats
157 creatures vanquished.

Vanquished Creatures (others)
  8 plants (D:1)
8 creatures vanquished.

Grand Total: 165 creatures vanquished

Notes
Turn   | Place    | Note
-------+----------+-------------------------------------------
     0 | D:1      | chuck the Minotaur Fighter began the quest for the Orb.
     0 | D:1      | Reached XP level 1. HP: 19/19 MP: 0/0
   275 | D:1      | Reached XP level 2. HP: 21/27 MP: 1/1
   815 | D:2      | Reached XP level 3. HP: 25/33 MP: 2/2
  1094 | D:2      | Found a faded altar of an unknown god.
  1313 | D:2      | Reached skill level 3 in Axes
  1464 | D:2      | Reached XP level 4. HP: 38/40 MP: 3/3
  1990 | D:3      | Reached skill level 1 in Dodging
  2265 | D:3      | Reached XP level 5. HP: 46/46 MP: 4/4
  2269 | D:3      | Reached skill level 5 in Armour
  2427 | D:4      | Reached skill level 4 in Axes
  2620 | D:4      | Noticed an ogre
  2627 | D:4      | Killed an ogre
  2628 | D:4      | Reached XP level 6. HP: 15/53 MP: 5/5
  2888 | D:4      | Found a glowing drain.
  2912 | Sewer    | Entered a sewer
  2926 | Sewer    | Reached skill level 5 in Axes
  3356 | D:4      | Found a burning altar of Makhleb.
  3358 | D:4      | Noticed a balrug
  3450 | D:4      | Found a glowing silver altar of Zin.
  3450 | D:4      | Noticed an angel
  3689 | D:5      | Entered Level 5 of the Dungeon
  3713 | D:5      | Found a staircase to the Ecumenical Temple.
  3724 | Temple   | Entered the Ecumenical Temple
  3776 | Temple   | Became a worshipper of Warmaster Okawaru
  3928 | D:5      | Reached skill level 6 in Axes
  3928 | D:5      | Reached XP level 7. HP: 34/60 MP: 6/6
  4189 | D:5      | Reached skill level 5 in Fighting
  4192 | D:5      | Reached * piety under Okawaru
  4193 | D:5      | Reached skill level 7 in Axes
  4270 | D:5      | Reached skill level 5 in Shields
  4727 | D:5      | Identified the +1 helmet "Zaegal" {Int+4}
  4759 | D:5      | Reached XP level 8. HP: 68/68 MP: 7/7
  4815 | D:5      | Found an ornate altar of the Wu Jian Council.
  5189 | D:6      | HP: 3/69 [poisoned by an orc]
  5191 | D:6      | HP: 1/69 [poisoned by an orc]
  5789 | D:6      | Found a runed translucent door.
  5790 | D:6      | Noticed SirLogeyBear's ghost (novice HOBe)
  5817 | D:6      | Reached skill level 8 in Axes
  6505 | D:6      | Killed SirLogeyBear's ghost
  6505 | D:6      | Reached ** piety under Okawaru
  6982 | D:7      | Found a flagged portal.
  6995 | Bailey   | Entered a bailey
  7007 | Bailey   | Reached skill level 9 in Axes
  7327 | Bailey   | Reached XP level 9. HP: 40/78 MP: 6/8
  7826 | Bailey   | Reached skill level 10 in Axes
  8243 | Bailey   | Gained mutation: Armour fits poorly on your strangely
                  | shaped body. [potion of mutation]
  8244 | Bailey   | Lost mutation: Armour fits poorly on your strangely shaped
                  | body. [potion of mutation]
  8244 | Bailey   | Gained mutation: Your spells are a little easier to cast,
                  | but a little less powerful. [potion of mutation]
  8244 | Bailey   | Gained mutation: You have a somewhat thin skeletal
                  | structure. (Dex +2, Stealth+) [potion of mutation]
  8244 | Bailey   | Gained mutation: Your skin changes colour to match your
                  | surroundings (Stealth+). [potion of mutation]
  8244 | Bailey   | Gained mutation: You have hidden genetic potential. [potion
                  | of mutation]
  8245 | Bailey   | Lost mutation: Your spells are a little easier to cast, but
                  | a little less powerful. [potion of mutation]
  8245 | Bailey   | Lost mutation: You have hidden genetic potential. [potion
                  | of mutation]
  8245 | Bailey   | Gained mutation: You have hidden genetic defects. [potion
                  | of mutation]
  8245 | Bailey   | Gained mutation: You are weak. (Str -2) [potion of
                  | mutation]
  8264 | Bailey   | HP: 3/79 [wolf (2)]
  8264 | Bailey   | Slain by a wolf

Illustrated notes

Levels and vault maps discovered:
D:1:      ncdulo_wetmaze, layout_rooms, hex_tiny, wad_woods_river_04
D:2:      minmay_chambers_of_twos, layout_basic,
          chequers_ecumenical_altar_simple
D:3:      minmay_roachtagon, layout_basic, general_overflow_altar
D:4:      layout_basic, grunt_temple_overflow_order_and_chaos_2,
          gup_sewer_entry_pipe, nrook_campfire, serial_park_tiny_pond
D:5:      layout_loops_ring, kennysheep_little_box,
          minmay_temple_entry_proselytizer
D:6:      layout_loops_ring, ebering_ghost_reflecting_pool
D:7:      layout_loops_corners, mainiacjoe_overflow_concentric_impassable,
          kiku_gazebo_pond_becter, enter_bailey_4, kennysheep_nondescript
Temple:   compressed_dpeg_circular_temple
Bailey:   bailey_polearm_gnolls_kennysheep, bailey

Skill      XL: |  1  2  3  4  5  6  7  8  9 |
---------------+----------------------------+-----
Armour         | 4 5 6 8 |  8.3
Fighting       | 4 5 6 7 |  7.1
Shields        | 4 5 6 |  6.0
Axes           | 3 4 6 7 9 10 | 10.1
Dodging        | 1 2 3 4 |  4.2
Stealth        | |  0.1
Invocations    | |  0.9

Action                   |  1- 3 |  4- 6 |  7- 9 || total
-------------------------+-------+-------+-------++-------
Melee: War axe           |    81 |   178 |   193 ||   452
       Headbutt          |    14 |    28 |    33 ||    75
Invok: Heroism           |       |       |     5 ||     5
Evoke: Wand              |       |       |     3 ||     3
  Use: Scroll            |     1 |       |     6 ||     7
       Potion            |       |       |    11 ||    11
Armor: Scale mail        |    32 |    90 |   111 ||   233
       Skin              |       |       |    41 ||    41
Dodge: Dodged            |    30 |    79 |   152 ||   261
Block: Buckler           |    20 |    37 |    78 ||   135
